 Dungeon Crawl Stone Soup version 0.24.0-13-gcf9b319 (webtiles) character file.

Game seed: 9052968941999155647, levelgen mode: deterministic

5952 shmeve the Blocker (level 10, -10/91 HPs)
             Began as a Minotaur Berserker on Apr 10, 2020.
             Was a High Priest of Trog.
             Splashed by an oklob plant's acid (12 damage)
             ... on level 10 of the Dungeon.
             The game lasted 00:13:57 (7826 turns).

shmeve the Blocker (Minotaur Berserker)             Turns: 7826, Time: 00:13:58

Health: -10/91     AC:  3    Str: 24    XL:     10   Next: 54%
Magic:  9/9        EV:  8    Int:  4    God:    Trog [*****.]
Gold:   256        SH: 12    Dex: 11    Spells: 9/9 levels left

rFire    . . .     SeeInvis +   a - +0 hand axe
rCold    . . .     Gourm    .   m - +0 shield
rNeg     . . .     Faith    +   e - +0 plate armour
rPois    .         Spirit   .   J - +1 hat
rElec    .         Reflect  .   (no cloak)
rCorr    .         Harm     .   C - +0 pair of gloves
MR       .....                  (no boots)
Stlth    ..........             j - amulet of faith
HPRegen  0.25/turn              H - ring of see invisible
MPRegen  0.11/turn              (no ring)

@: corroded, berserk cooldown, slowed, very slow
A: retaliatory headbutt, horns 2
a: Berserk, Trog's Hand, Brothers in Arms, Renounce Religion


You were on level 10 of the Dungeon.
You worshipped Trog.
Trog was extremely pleased with you.
You were hungry.

You visited 1 branch of the dungeon, and saw 10 of its levels.

You collected 548 gold pieces.
You spent 292 gold pieces at shops.

Inventory:

Hand Weapons
 a - a +0 hand axe (weapon)
Missiles
 I - 5 throwing nets (quivered)
Armour
 e - a +0 plate armour (worn)
 m - a +0 shield (worn)
 C - a +0 pair of gloves (worn)
 J - a +1 hat (worn)
Jewellery
 j - an amulet of faith (around neck)
 H - a ring of see invisible (left hand)
Wands
 A - a wand of random effects (17)
 K - a wand of polymorph (9)
 L - a wand of flame (23)
 M - a wand of digging (5)
Scrolls
 d - 4 scrolls of magic mapping {unknown}
 f - 16 scrolls of identify
 g - 5 scrolls of remove curse
 h - 2 scrolls of teleportation {unknown}
 i - 2 scrolls of enchant weapon
 l - a scroll of immolation {unknown}
 r - 3 scrolls of fear {unknown}
 v - a scroll of fog {unknown}
 y - 3 scrolls of enchant armour {unknown}
 B - a scroll of amnesia {unknown}
 E - 2 scrolls of random uselessness {unknown}
 F - 2 scrolls of noise {unknown}
 G - 2 scrolls of vulnerability {unknown}
Potions
 b - 2 potions of curing {unknown}
 k - 3 potions of haste {unknown}
 n - 2 potions of mutation {unknown}
 o - 5 potions of lignification {unknown}
 p - 2 potions of brilliance {unknown}
 q - a potion of magic {unknown}
 s - a potion of ambrosia {unknown}
 t - a potion of cancellation {unknown}
 u - 2 potions of agility {unknown}
 w - 4 potions of flight {unknown}
 x - 2 potions of heal wounds
 z - 3 potions of might {unknown}
Comestibles
 c - 21 rations
 D - 3 chunks of flesh


   Skills:
 * Level 9.3 Fighting
 * Level 9.2 Axes
 + Level 4.8 Throwing
 + Level 6.4 Armour
 + Level 5.9 Dodging
 * Level 10.4 Shields


You had 9 spell levels left.
You didn't know any spells.
Your spell library was empty.

Dungeon Overview and Level Annotations

Branches:
Dungeon (10/15)            Temple (0/1) D:5            Lair (0/6) D:10
    Orc: D:9-12

Altars:
Ashenzari
Fedhas
Ru
Trog
Uskayaw
Vehumet
Xom
Zin

Shops:
D:4 (   D:7 =?%!(

Annotations:
D:10 exclusion: oklob plant


Innate Abilities, Weirdness & Mutations

You reflexively headbutt those who attack you in melee.
You have a pair of horns on your head.


Message History

The oklob plant is lightly damaged.
You hit the plant but do no damage. You hit the plant. x2
You hit the oklob plant but do no damage.
You headbutt the oklob plant.
The oklob plant is lightly damaged.
You hit the plant but do no damage. You hit the plant.
You hit the plant but do no damage. The oklob plant spits acid at you.
The splash of acid hits you.
* * * LOW HITPOINT WARNING * * *
The acid corrodes you!
You are splashed with acid!
* * * LOW HITPOINT WARNING * * *
You hit the oklob plant but do no damage.
The oklob plant is lightly damaged.
You hit the plant but do no damage. x3
The oklob plant spits acid at you. The splash of acid hits you!
* * * LOW HITPOINT WARNING * * *
The acid corrodes you!
You are splashed with acid!
You die...

##.#
#.#########
#.........#
####.#######.#
##............#
......###.....#
##.#...≈...#..#
##..#...#..###
#.##.P@##.#
#..PPPPP..#
#≈..P>P..≈#
#..PPPP...#
#.##PPP##.# #.
#...#..# .
..≈...#. ..
..###.. ..


You could see an oklob plant.

Vanquished Creatures
  Harold (D:7)
  An oklob plant (D:10)
  A hornet (D:8)
  A hippogriff (D:10)
  Sigmund (D:2)
  Grum (D:9)
  A hungry ghost (D:9)
  A soldier ant (D:6)
  An orc warrior (D:8)
  3 ice beasts
  A sky beast (D:6)
  2 black bears
  A necrophage (D:7)
  3 centaurs
  6 ogres
  4 wolves (D:9)
  A big kobold (D:8)
  6 bullfrogs
  A water moccasin zombie (D:9)
  2 wyvern skeletons
  2 scorpions
  4 crimson imps
  4 howler monkeys
  4 hounds
  A quasit (D:6)
  4 orc priests
  2 jellies
  6 orc wizards
  3 centaur skeletons
  Natasha (thrice) (D:2)
  2 bullfrog skeletons (D:6)
  2 iguanas
  Jessica (D:2)
  5 worker ants
  2 killer bee zombies
  A hound zombie (D:8)
  5 adders
  2 shadow imps
  An adder zombie (D:5)
  2 oozes
  2 worms (D:2)
  A dart slug (D:4)
  5 leopard geckos
  26 orcs
  4 giant cockroaches
  3 goblins
  5 hobgoblins
  4 jackals (D:6)
  6 quokkas
  A ball python (D:6)
  4 bats
  3 frilled lizards (D:3)
  14 kobolds
  A leopard gecko skeleton (D:8)
  A quokka skeleton (D:4)
  4 rats
  2 plants (D:5)
181 creatures vanquished.

Vanquished Creatures (others)
  A plant (D:5)
1 creature vanquished.

Grand Total: 182 creatures vanquished

Notes
Turn   | Place    | Note
-------+----------+-------------------------------------------
     0 | D:1      | shmeve the Minotaur Berserker began the quest for the Orb.
     0 | D:1      | Reached XP level 1. HP: 19/19 MP: 0/0
   247 | D:1      | Reached XP level 2. HP: 24/27 MP: 1/1
   486 | D:2      | Reached skill level 1 in Shields
   491 | D:2      | Reached skill level 2 in Shields
   567 | D:2      | Reached XP level 3. HP: 33/33 MP: 2/2
   633 | D:2      | Reached skill level 3 in Shields
   782 | D:2      | Reached ** piety under Trog
   796 | D:2      | Noticed Sigmund
   839 | D:2      | Killed Sigmund
   839 | D:2      | Reached skill level 6 in Shields
   839 | D:2      | Reached XP level 4. HP: 30/40 MP: 3/3
   839 | D:2      | Reached XP level 5. HP: 35/46 MP: 4/4
  1101 | D:2      | Noticed Natasha
  1112 | D:2      | Killed Natasha
  1286 | D:2      | Noticed Jessica
  1292 | D:2      | Killed Jessica
  1292 | D:2      | Reached XP level 6. HP: 52/52 MP: 5/5
  1372 | D:2      | Noticed Natasha
  1382 | D:2      | Killed Natasha
  1518 | D:2      | Found a hide-covered altar of Uskayaw.
  1611 | D:2      | Noticed Natasha
  1620 | D:2      | Killed Natasha
  1733 | D:3      | Found a sacrificial altar of Ru.
  1747 | D:3      | Found a bloodstained altar of Trog.
  1748 | D:3      | Found a shattered altar of Ashenzari.
  1752 | D:3      | Found a radiant altar of Vehumet.
  1965 | D:3      | Found a blossoming altar of Fedhas.
  1971 | D:3      | Found a glowing silver altar of Zin.
  2463 | D:3      | Reached skill level 1 in Throwing
  2564 | D:4      | Reached *** piety under Trog
  2777 | D:4      | Found Vuoriruo's Weapon Shoppe.
  2806 | D:4      | Reached XP level 7. HP: 58/60 MP: 6/6
  3643 | D:5      | Entered Level 5 of the Dungeon
  3698 | D:5      | Reached skill level 5 in Fighting
  3700 | D:5      | Found a staircase to the Ecumenical Temple.
  3768 | D:5      | Reached skill level 7 in Shields
  3776 | D:5      | Reached skill level 5 in Axes
  4044 | D:5      | Reached XP level 8. HP: 54/70 MP: 7/7
  4358 | D:5      | Received a gift from Trog
  4592 | D:6      | Reached **** piety under Trog
  4805 | D:6      | Reached skill level 8 in Shields
  5293 | D:6      | Reached XP level 9. HP: 79/79 MP: 8/8
  5352 | D:7      | Found Raum's Magic Scroll Shop.
  5357 | D:7      | Bought 3 scrolls of identify for 72 gold pieces
  5357 | D:7      | Bought a scroll of remove curse for 36 gold pieces
  5357 | D:7      | Bought a scroll of identify for 24 gold pieces
  5357 | D:7      | Bought a scroll of enchant weapon for 90 gold pieces
  5377 | D:7      | Found Medghuli's Distillery.
  5378 | D:7      | Found Seyz's Food Emporium.
  5384 | D:7      | Bought a potion of heal wounds for 70 gold pieces
  5592 | D:7      | Found Buudwoel's Weapon Emporium.
  5610 | D:7      | Reached skill level 5 in Armour
  5625 | D:7      | Noticed Harold
  5634 | D:7      | Killed Harold
  5634 | D:7      | Reached skill level 9 in Shields
  5724 | D:7      | Reached skill level 5 in Dodging
  5850 | D:7      | Found Vumyso's Jewellery Emporium.
  6372 | D:8      | Paralysed by a hornet for 2 turns
  6380 | D:8      | Reached XP level 10. HP: 55/90 MP: 9/9
  6561 | D:8      | Reached ***** piety under Trog
  6992 | D:9      | Reached skill level 10 in Shields
  7040 | D:9      | Noticed Grum
  7065 | D:9      | Killed Grum
  7403 | D:9      | Found a shimmering altar of Xom.
  7619 | D:10     | Entered Level 10 of the Dungeon
  7659 | D:10     | Noticed an oklob plant
  7809 | D:10     | Found a staircase to the Lair.
  7810 | D:10     | Noticed an oklob plant
  7819 | D:10     | Killed an oklob plant
  7826 | D:10     | HP: 2/91 [oklob plant/splash of acid (10)]
  7826 | D:10     | Splashed by an oklob plant's acid

Levels and vault maps discovered:
D:1:      dpeg_arrival_fog, layout_rooms, bh_walls_and_bars
D:2:      layout_loops_ring, nicolae_overflow_hidden_temple, uniq_jessica,
          uniq_sigmund, uniq_natasha
D:3:      layout_basic, minitemple, grunt_temple_overflow_open, first_ration,
          kennysheep_donut
D:4:      layout_layer_cave, serial_shops, nicolae_shop_stone
D:5:      layout_rooms, minmay_temple_entry_gardened_gates
D:6:      hangedman_cross_stitches, layout_rooms
D:7:      layout_basic, serial_shops, kennysheep_mini, shop_scrolls,
          nicolae_shop_statue_plus, shop, shop, grunt_ogre_cave, uniq_harold
D:8:      layout_basic
D:9:      layout_basic, basic_altar, uniq_grum
D:10:     due_megacathedral, layout_rooms, dpeg_oklobed_lair, uniq_erica

Skill      XL: |  1  2  3  4  5  6  7  8  9 10 |
---------------+-------------------------------+-----
Shields        | 2 6 7 8 9 10 | 10.4
Axes           | 4 5 6 8 9 |  9.2
Fighting       | 4 5 7 8 9 |  9.3
Throwing       | 1 2 3 4 |  4.8
Armour         | 3 4 5 6 |  6.4
Dodging        | 3 4 5 |  5.9

Action                   |  1- 3 |  4- 6 |  7- 9 | 10-12 || total
-------------------------+-------+-------+-------+-------++-------
Melee: Hand axe          |    58 |    91 |   371 |   153 ||   673
       Headbutt          |     9 |    25 |    74 |    33 ||   141
Invok: Berserk           |     2 |     1 |     4 |     2 ||     9
       Trog's Hand       |       |       |     1 |       ||     1
  Use: Scroll            |       |       |     3 |       ||     3
  Eat: Chunk             |     1 |     8 |    12 |     9 ||    30
       Ration            |       |       |     1 |       ||     1
Armor: Animal skin       |     5 |       |       |       ||     5
       Chain mail        |    30 |    31 |   137 |       ||   198
       Skin              |    11 |       |       |       ||    11
       Plate armour      |       |       |    17 |    70 ||    87
Dodge: Dodged            |    24 |    31 |    96 |    47 ||   198
Block: Shield            |       |    37 |   236 |    98 ||   371
